 Dungeon Crawl Stone Soup version 0.21-a0-440-g28109cb (webtiles) character file.

359 theanonym the Slasher (level 6, 0/49 HPs)
             Began as a Formicid Gladiator on Nov 10, 2017.
             Slain by a two-headed ogre
             ... wielding a +0 giant club
              (18 damage)
             ... on level 4 of the Dungeon.
             The game lasted 00:05:41 (4676 turns).

theanonym the Slasher (Formicid Gladiator)          Turns: 4676, Time: 00:05:42

Health: 0/49       AC:  8    Str: 21    XL:     6   Next: 97%
Magic:  6/6        EV:  9    Int:  7    God:
Gold:   185        SH:  0    Dex: 16    Spells: 5/5 levels left

rFire    . . .     SeeInvis +   a - +0 long sword
rCold    . . .     Gourm    .   (no shield)
rNeg     . . .     Faith    .   f - +0 chain mail
rPois    .         Spirit   .   (helmet unavailable)
rElec    .         Reflect  .   (no cloak)
rCorr    .         Harm     .   (no gloves)
MR       .....                  (no boots)
Stlth    ..........             (no amulet)
HPRegen  0.16/turn              i - +4 ring of dexterity
MPRegen  0.10/turn              (no ring)

@: very slightly contaminated, invisible
A: permanent stasis, dig shafts and tunnels, four strong arms, antennae 3
a: Dig, Shaft Self


Innate Abilities, Weirdness & Mutations

You cannot be hasted, slowed, berserked, paralysed or teleported.
You can dig through walls and to a lower floor.
Your four strong arms can wield two-handed weapons with a shield.
You have a pair of large antennae on your head. (SInv)


   Skills:
 + Level 4.6 Fighting
 * Level 6.1 Long Blades
 - Level 2.0 Throwing
 - Level 2.6 Dodging


You had 5 spell levels left.
You didn't know any spells.

Skill      XL: |  1  2  3  4  5  6 |
---------------+-------------------+-----
Fighting       | 3 4 |  4.6
Long Blades    | 4 5 6 |  6.1
Throwing       | |  2.0
Dodging        | |  2.6

Action                   |  1- 3 |  4- 6 || total
-------------------------+-------+-------++-------
Melee: Long sword        |    69 |   183 ||   252
Throw: Throwing net      |       |     3 ||     3
  Use: Potion            |     3 |     1 ||     4
       Scroll            |       |     4 ||     4
 Stab: Sleeping          |       |     1 ||     1
       Invisible         |       |     1 ||     1
  Eat: Chunk             |     2 |     5 ||     7
       Bread ration      |       |     1 ||     1
Armor: Leather armour    |     9 |    11 ||    20
       Chain mail        |       |    76 ||    76
Dodge: Dodged            |    50 |   105 ||   155
       Rpst.: Long sword |    17 |    28 ||    45

Inventory:

Hand Weapons
 a - a +0 long sword (weapon)
Missiles
 m - 2 throwing nets (quivered)
Armour
 b - a +0 leather armour
 f - a +0 chain mail (worn)
   (You found it on level 2 of the Dungeon)
Jewellery
 i - a +4 ring of dexterity (left hand)
   (You found it on level 1 of the Dungeon)
Scrolls
 g - a scroll of enchant weapon {unknown}
 h - 2 scrolls of amnesia
 j - a scroll of blinking {unknown}
 k - 2 scrolls of magic mapping {unknown}
 l - 4 scrolls of remove curse
 n - 2 scrolls of enchant armour
 o - a scroll of immolation {unknown}
 r - 3 scrolls of identify
 v - 2 scrolls of fear {unknown}
Potions
 e - 4 potions of curing
 p - 2 potions of flight
 q - 3 potions of heal wounds
 u - 2 potions of haste {unknown}
Comestibles
 c - 2 royal jellies
 d - 4 bread rations

Dungeon Overview and Level Annotations

Branches:
Dungeon (4/15)
 Temple: D:4-7

Altars:
Ashenzari


You were on level 4 of the Dungeon.
You were hungry.

You visited 1 branch of the dungeon, and saw 4 of its levels.

You collected 185 gold pieces.


Message History

The scorpion is too close now for your liking.
You slash the scorpion! The scorpion stings you. x2
You are poisoned.
The scorpion poisons you!
You take 8 damage, and have 41/49 hp.
You hit the scorpion but do no damage.
You feel sick. The scorpion closely misses you.
You closely miss the scorpion.
You feel sick. The scorpion stings you.
You are more poisoned.
The scorpion poisons you!
You take 4 damage, and have 37/49 hp.
You closely miss the scorpion.
You feel sick. The scorpion stings you.
You are more poisoned.
The scorpion poisons you!
You take 5 damage, and have 32/49 hp.
You hit the scorpion but do no damage.
You feel very sick.
The scorpion stings you but does no damage.
You take 3 damage, and have 29/49 hp.
You hit the scorpion.
You feel sick.
The scorpion stings you but does no damage.
You take 2 damage, and have 27/49 hp.
You hit the scorpion.
You kill the scorpion!
Your Long Blades skill increases to level 6!
You feel very sick.
You take 2 damage, and have 25/49 hp.
You start resting.
* * * LOW HITPOINT WARNING * * *
You feel sick.
You take 2 damage, and have 23/49 hp.
You feel sick.
You take 1 damage, and have 22/49 hp.
* * * LOW HITPOINT WARNING * * *
You feel sick.
You take 2 damage, and have 20/49 hp.
* * * LOW HITPOINT WARNING * * *
You feel sick.
You take 2 damage, and have 18/49 hp.
You feel sick.
You take 1 damage, and have 17/49 hp.
* * * LOW HITPOINT WARNING * * *
You feel sick.
You take 2 damage, and have 15/49 hp.
Key pressed, stopping explore.
You feel sick.
You feel sick.
You take 1 damage, and have 14/49 hp.
Unknown command.
You start resting.
You feel sick.
You take 1 damage, and have 13/49 hp.
You start resting.
You feel sick.
You take 1 damage, and have 12/49 hp.
You start resting.
You feel sick.
You take 1 damage, and have 11/49 hp.
You start resting.
You feel sick.
You take 1 damage, and have 10/49 hp.
You start resting.
You feel sick.
You start resting.
You feel sick. x12
You are no longer poisoned.
You take 8 damage, and have 2/49 hp.
You start resting.
You are feeling hungry.
You regained 33 hp, and now have 35/49 hp.
You start resting.
Health restored: 49
Found a dagger.
There is a stone staircase leading up here.
You sense a monster nearby.
Found 24 stones.
A two-headed ogre comes into view. It is wielding two giant clubs.
The two-headed ogre shouts in stereo!
The two-headed ogre moves out of view.
The two-headed ogre hits you with a giant club!!
The two-headed ogre barely misses you.
Found a helmet.
You take 18 damage, and have 31/49 hp.
MASSIVE DAMAGE!!
A two-headed ogre is nearby!
You are too injured to fight recklessly!
You are too injured to fight recklessly!
You aren't carrying any items that you can evoke.
Unknown command.
Okay, then.
Okay, then.
Here: a two-headed ogre, wielding two giant clubs The floor.
You fade into invisibility!
The two-headed ogre closely misses you. The two-headed ogre barely misses you.
You are very lightly contaminated with residual magic.
You strike the helpless two-headed ogre from behind!
You hit the two-headed ogre.
You are too injured to fight recklessly!
You are too injured to fight recklessly!
You hit the two-headed ogre but do no damage.
The two-headed ogre closely misses you.
The two-headed ogre hits you with a giant club!
* * * LOW HITPOINT WARNING * * *
You take 16 damage, and have 17/49 hp.
MASSIVE DAMAGE!!
You hit the two-headed ogre.
The two-headed ogre hits you with a giant club!!
You die...

#####...#.......##.# #.....##
#...............##.#####.....#
.....................<........#
##...........#.#.##..####.....#
#####...#.......#...# #.....#
#...#####.##..#.# ####### #...#
#.##....##########
#...#####.......##... ...##
##........@O....##.#####.##
#######..#...............
#..####.##.#####.##
#..####.##.#####.#
######.......##.......#
.............##########
#####...####.# #...####.#
#.....##.#


You could see a two-headed ogre.

Notes
Turn   | Place    | Note
-------+----------+-------------------------------------------
     0 | D:1      | theanonym the Formicid Gladiator began the quest for the Orb.
     0 | D:1      | Reached XP level 1. HP: 16/16 MP: 1/1
   151 | D:1      | Reached XP level 2. HP: 19/23 MP: 2/2
   465 | D:1      | Reached XP level 3. HP: 28/28 MP: 3/3
  1463 | D:2      | Noticed Natasha
  1470 | D:2      | HP: 12/28 [shadow imp[Natasha] (4)]
  1472 | D:2      | Killed Natasha
  1472 | D:2      | Reached skill level 3 in Fighting
  1472 | D:2      | Reached skill level 4 in Long Blades
  1472 | D:2      | Reached XP level 4. HP: 14/35 MP: 4/4
  1667 | D:2      | Noticed Terence
  1684 | D:2      | Killed Terence
  1697 | D:2      | Noticed Natasha
  1848 | D:2      | Killed Natasha
  1848 | D:2      | Reached XP level 5. HP: 36/41 MP: 5/5
  1934 | D:2      | Noticed Natasha
  1941 | D:2      | Killed Natasha
  1941 | D:2      | Reached skill level 5 in Long Blades
  2343 | D:2      | Found a shattered altar of Ashenzari.
  2945 | D:3      | Reached skill level 4 in Fighting
  2998 | D:3      | Reached XP level 6. HP: 48/48 MP: 6/6
  3410 | D:3      | Found a faded altar of an unknown god.
  4295 | D:4      | Reached skill level 6 in Long Blades
  4296 | D:4      | HP: 23/49 [poisoned by a scorpion]
  4301 | D:4      | HP: 15/49 [poisoned by a scorpion]
  4306 | D:4      | HP: 11/49 [poisoned by a scorpion]
  4311 | D:4      | HP: 7/49 [poisoned by a scorpion]
  4317 | D:4      | HP: 5/49 [poisoned by a scorpion]
  4325 | D:4      | HP: 3/49 [poisoned by a scorpion]
  4333 | D:4      | HP: 3/49 [poisoned by a scorpion]
  4662 | D:4      | Noticed a two-headed ogre
  4675 | D:4      | HP: 17/49 [two-headed ogre/giant club (16)]
  4676 | D:4      | Slain by a two-headed ogre

Vanquished Creatures
  A scorpion (D:4)
  An orc wizard (D:4)
  Terence (D:2)
  Natasha (thrice) (D:2)
  A worker ant (D:4)
  8 adders
  An ooze (D:1)
  A dart slug (D:1)
  A leopard gecko (D:2)
  8 orcs
  3 giant cockroaches
  5 goblins
  17 hobgoblins
  A quokka (D:2)
  3 ball pythons
  6 bats
  A frilled lizard (D:3)
  9 kobolds
  A quokka skeleton (D:4)
  4 rats
76 creatures vanquished.
